DBL
NEW YORK METS @ ARIZONA DIAMONDBACKS
04/19/1997
 
TOP OF THE 1ST
New York Mets batting - Pitching for Arizona Diamondbacks : RHP Scott Sanders
Pitching: RHP Scott Sanders
Batting: LHB Cliff Floyd 0-0: Called Strike
0-1: Foul Ball, location: 2F
0-2: Ball
1-2: Ball
2-2: Ball
3-2: Strikes out looking
Batting: LHB Tony Tarasco 0-0: Ball
1-0: Swinging Strike
1-1: Fly out, F8 (Flyball, 8RS, EV 86.9 MPH)
Batting: RHB Gary Sheffield 0-0: Ball
1-0: Swinging Strike
1-1: Called Strike
1-2: Ball
2-2: Ball
3-2: Strikes out swinging
Top of the 1st over - 0 runs, 0 hits, 0 errors, 0 left on base; New York 0 - Arizona 0
BOTTOM OF THE 1ST
Arizona Diamondbacks batting - Pitching for New York Mets : RHP Jason Isringhausen
Pitching: RHP Jason Isringhausen
Batting: LHB Delino DeShields 0-0: Bunted foul
0-1: Foul Ball, location: 2F
0-2: Ground out 5-3 (Groundball, 56S, EV 85.0 MPH)
Batting: RHB Chad Curtis 0-0: Ball
1-0: Foul Ball, location: 2F
1-1: Ball
2-1: Ball
3-1: Ground out 1-3 (Groundball, 13, EV 91.9 MPH)
Batting: RHB Moises Alou 0-0: Called Strike
0-1: Foul Ball, location: 2F
0-2: Ball
1-2: Ground out 5-3 (Groundball, 56, EV 90.0 MPH)
Bottom of the 1st over - 0 runs, 0 hits, 0 errors, 0 left on base; New York 0 - Arizona 0
TOP OF THE 2ND
New York Mets batting - Pitching for Arizona Diamondbacks : RHP Scott Sanders
Batting: RHB Sammy Sosa 0-0: Ball
1-0: Ball
2-0: Called Strike
2-1: Foul Ball, location: 2F
2-2: Ball
3-2: Ground out 5-3 (Groundball, 56, EV 102.5 MPH)
Batting: RHB Phil Nevin 0-0: Ball
1-0: Swinging Strike
1-1: Ground out 6-3 (Groundball, 6M, EV 104.4 MPH)
Batting: RHB Greg Colbrunn 0-0: Ball
1-0: Fly out, F8 (Line Drive, 8LM, EV 91.9 MPH)
Top of the 2nd over - 0 runs, 0 hits, 0 errors, 0 left on base; New York 0 - Arizona 0
BOTTOM OF THE 2ND
Arizona Diamondbacks batting - Pitching for New York Mets : RHP Jason Isringhausen
Batting: RHB Bobby M Estalella 0-0: Ball
1-0: Ball
2-0: Called Strike
2-1: Ball
3-1: Swinging Strike
3-2: Strikes out swinging
Batting: LHB Scott Stahoviak 0-0: Ball
1-0: Called Strike
1-1: Foul Ball, location: 2F
1-2: Foul Ball, location: 2F
1-2: Fly out, F8 (Flyball, 8RD, EV 102.5 MPH)
Batting: RHB Lance Blankenship 0-0: Ball
1-0: Ball
2-0: Ball
3-0: Base on Balls
Batting: LHB Robin Ventura 0-0: Ball
1-0: Swinging Strike
1-1: Ball
2-1: Called Strike
2-2: Fly out, F8 (Line Drive, 8RD, EV 93.1 MPH)
Bottom of the 2nd over - 0 runs, 0 hits, 0 errors, 1 left on base; New York 0 - Arizona 0
TOP OF THE 3RD
New York Mets batting - Pitching for Arizona Diamondbacks : RHP Scott Sanders
Batting: RHB Olmedo Saenz 0-0: Called Strike
0-1: Ground out 2-3 (Groundball, 2L, EV 60.6 MPH)
Batting: RHB Bret Boone 0-0: Swinging Strike
0-1: Called Strike
0-2: Ball
1-2: Ball
2-2: Foul Ball, location: 2F
2-2: Ball
3-2: Strikes out swinging
Batting: LHB B.J. Surhoff 0-0: Swinging Strike
0-1: Swinging Strike
0-2: Ball
1-2: Ball
2-2: Ball
3-2: SOLO HOME RUN (Flyball, 89XD, EV 110.0 MPH), Distance : 407 ft
Batting: LHB Cliff Floyd 0-0: SOLO HOME RUN (Flyball, 89XD, EV 88.8 MPH), Distance : 416 ft
Batting: LHB Tony Tarasco 0-0: Foul Ball, location: 2F
0-1: Foul Ball, location: 2F
0-2: Ball
1-2: Ground out 4-3 (Groundball, 4M, EV 101.3 MPH)
Top of the 3rd over - 2 runs, 2 hits, 0 errors, 0 left on base; New York 2 - Arizona 0
BOTTOM OF THE 3RD
Arizona Diamondbacks batting - Pitching for New York Mets : RHP Jason Isringhausen
Batting: RHB Butch Huskey 0-0: Called Strike
0-1: Fly out, F8 (Line Drive, 8LD, EV 96.9 MPH)
Batting: RHB Mike Bordick 0-0: Ball
1-0: Ball
2-0: Ball
3-0: Called Strike
3-1: Base on Balls
Batting: LHB Delino DeShields 0-0: Foul Ball, location: 2F
0-1: Ball
1-1: Foul Ball, location: 2F
1-2: Ball
2-2: Ball
3-2: Fielders Choice at 2nd, 5-4 (Groundball, 56S, EV 94.4 MPH)
Batting: RHB Chad Curtis 0-0: Ball
1-0: Ball
2-0: Bunt missed!
2-1: Swinging Strike
2-2: Strikes out looking
Bottom of the 3rd over - 0 runs, 0 hits, 0 errors, 1 left on base; New York 2 - Arizona 0
TOP OF THE 4TH
New York Mets batting - Pitching for Arizona Diamondbacks : RHP Scott Sanders
Batting: RHB Gary Sheffield 0-0: Called Strike
0-1: Ball
1-1: Foul Ball, location: 2F
1-2: Foul Ball, location: 2F
1-2: SINGLE (Line Drive, 9S, EV 106.9 MPH)
Batting: RHB Sammy Sosa 0-0: Called Strike
Gary Sheffield steals 2nd base
0-1: Ball
1-1: Swinging Strike
1-2: Foul Ball, location: 2F
1-2: Hit by Pitch
Batting: RHB Phil Nevin 0-0: Called Strike
0-1: Ball
1-1: Ball
2-1: Ball
3-1: Foul Ball, location: 2F
3-2: Strikes out swinging
Batting: RHB Greg Colbrunn 0-0: Ball
1-0: Ball
2-0: Called Strike
2-1: Ball
3-1: Fielders Choice at 2nd, 3-6 (Groundball, 34, EV 108.1 MPH)
Gary Sheffield to third
Batting: RHB Olmedo Saenz 0-0: Swinging Strike
0-1: Fly out, F9 (Line Drive, 9, EV 90.0 MPH)
Top of the 4th over - 0 runs, 1 hit, 0 errors, 2 left on base; New York 2 - Arizona 0
BOTTOM OF THE 4TH
Arizona Diamondbacks batting - Pitching for New York Mets : RHP Jason Isringhausen
Batting: RHB Moises Alou 0-0: Called Strike
0-1: DOUBLE (Line Drive, 9LM, EV 108.1 MPH)
Batting: RHB Bobby M Estalella 0-0: Called Strike
0-1: Fly out, F7 (Flyball, 7LS, EV 90.6 MPH)
Batting: LHB Scott Stahoviak 0-0: Ball
1-0: Ball
2-0: Fly out, F8 (Line Drive, 8RM, EV 85.0 MPH)
Batting: RHB Lance Blankenship 0-0: Ball
1-0: Ball
2-0: Foul Ball, location: 2F
2-1: Foul Ball, location: 2F
2-2: Foul Ball, location: 2F
2-2: Foul Ball, location: 2F
2-2: Ball
3-2: SINGLE (Groundball, 56, EV 107.5 MPH)
Moises Alou to third
Moises Alou scores
Batting: LHB Robin Ventura 0-0: Called Strike
0-1: Ball
1-1: Ball
2-1: Fly out, F8 (Flyball, 8LM, EV 81.3 MPH)
Bottom of the 4th over - 1 run, 2 hits, 0 errors, 1 left on base; New York 2 - Arizona 1
TOP OF THE 5TH
New York Mets batting - Pitching for Arizona Diamondbacks : RHP Scott Sanders
Batting: RHB Bret Boone 0-0: Swinging Strike
0-1: Called Strike
0-2: Ground out 5-3 (Groundball, 56S, EV 83.8 MPH)
Batting: LHB B.J. Surhoff 0-0: Swinging Strike
0-1: Swinging Strike
0-2: Foul Ball, location: 2F
0-2: Ball
1-2: Strikes out looking
Batting: LHB Cliff Floyd 0-0: Ball
1-0: Foul Ball, location: 2F
1-1: Ball
2-1: Reached on error, E6 (Groundball, 6M, EV 78.8 MPH)
Batting: LHB Tony Tarasco 0-0: Ball
1-0: Called Strike
1-1: Foul Ball, location: 2F
1-2: Ball
2-2: Strikes out looking
Top of the 5th over - 0 runs, 0 hits, 1 error, 1 left on base; New York 2 - Arizona 1
BOTTOM OF THE 5TH
Arizona Diamondbacks batting - Pitching for New York Mets : RHP Jason Isringhausen
Batting: RHB Butch Huskey 0-0: Fly out, F8 (Flyball, 8LXD, EV 101.3 MPH)
Batting: RHB Mike Bordick 0-0: Called Strike
0-1: Ball
1-1: Ball
2-1: Ground out 5-3 (Groundball, 56S, EV 70.0 MPH)
Batting: LHB Delino DeShields 0-0: Called Strike
0-1: Ball
1-1: Called Strike
1-2: SINGLE (Line Drive, 56, EV 98.1 MPH)
Batting: RHB Chad Curtis 0-0: Ball
1-0: Called Strike
1-1: Ball
2-1: Called Strike
Delino DeShields steals 2nd base
2-2: Foul Ball, location: 2F
2-2: Strikes out swinging, 2-3 out at first.
Bottom of the 5th over - 0 runs, 1 hit, 0 errors, 1 left on base; New York 2 - Arizona 1
TOP OF THE 6TH
New York Mets batting - Pitching for Arizona Diamondbacks : RHP Scott Sanders
Batting: RHB Gary Sheffield 0-0: Ball
1-0: Ball
2-0: Foul Ball, location: 2F
2-1: Ball
3-1: Foul Ball, location: 2F
3-2: Base on Balls
Pitching: LHP Pedro Martinez
Batting: RHB Sammy Sosa 0-0: Ball
1-0: Ball
2-0: Ball
3-0: Called Strike
3-1: Grounds into double play, 5-4-3 (Groundball, 5, EV 81.3 MPH)
Batting: RHB Phil Nevin 0-0: Foul Ball, location: 2F
0-1: Ball
1-1: Foul Ball, location: 2F
1-2: Ball
2-2: Strikes out looking
Top of the 6th over - 0 runs, 0 hits, 0 errors, 0 left on base; New York 2 - Arizona 1
BOTTOM OF THE 6TH
Arizona Diamondbacks batting - Pitching for New York Mets : RHP Jason Isringhausen
Batting: RHB Moises Alou 0-0: Ball
1-0: Ball
2-0: Swinging Strike
2-1: Ball
3-1: Reached on error, E6 (Groundball, 6, EV 84.4 MPH)
Batting: RHB Bobby M Estalella 0-0: Called Strike
0-1: Swinging Strike
0-2: SINGLE (Groundball, 6D, EV 103.8 MPH)
Moises Alou to third
Runner from 3rd tries for Home, SAFE, throw by CF to home
Batting: LHB Scott Stahoviak 0-0: Swinging Strike
0-1: Fly out, F8 (Flyball, 8RS, EV 89.4 MPH)
Batting: RHB Lance Blankenship 0-0: Swinging Strike
0-1: Ball
1-1: Ball
2-1: Foul Ball, location: 2F
2-2: Foul Ball, location: 2F
2-2: Ball
3-2: 2-RUN HOME RUN (Flyball, 7D, EV 104.4 MPH), Distance : 371 ft
Batting: LHB Robin Ventura 0-0: Ball
1-0: Ball
2-0: Ball
3-0: Called Strike
3-1: Base on Balls
Batting: RHB Butch Huskey 0-0: Ball
1-0: Swinging Strike
1-1: Foul Ball, location: 2F
1-2: Ball
2-2: Fly out, F7 (Flyball, 7, EV 93.8 MPH)
Batting: RHB Mike Bordick 0-0: Fly out, F1 (Line Drive, P, EV 68.1 MPH)
Bottom of the 6th over - 3 runs, 2 hits, 1 error, 1 left on base; New York 2 - Arizona 4
TOP OF THE 7TH
New York Mets batting - Pitching for Arizona Diamondbacks : LHP Pedro Martinez
Batting: RHB Greg Colbrunn 0-0: Called Strike
0-1: Ball
1-1: Swinging Strike
1-2: Strikes out swinging
Batting: RHB Olmedo Saenz 0-0: Ball
1-0: Ball
2-0: Called Strike
2-1: Ball
3-1: Base on Balls
Pitching: RHP Marvin Freeman
Batting: RHB Bret Boone 0-0: Ball
1-0: Ball
2-0: Called Strike
2-1: Fielders Choice at 2nd, 5-4 (Groundball, 5, EV 105.6 MPH)
Batting: LHB B.J. Surhoff 0-0: Fly out, F7 (Flyball, 7, EV 85.0 MPH)
Top of the 7th over - 0 runs, 0 hits, 0 errors, 1 left on base; New York 2 - Arizona 4
BOTTOM OF THE 7TH
Arizona Diamondbacks batting - Pitching for New York Mets : RHP Jason Isringhausen
Batting: LHB Delino DeShields 0-0: Ball
1-0: SINGLE (Line Drive, 9S, EV 106.9 MPH)
Pitching: LHP Mike Sirotka
Batting: RHB Chad Curtis 0-0: Ball
1-0: Ball
2-0: Called Strike
2-1: Ball
3-1: Bunt missed!
3-2: Fielders Choice at 2nd, 1-6 (Groundball, 13, EV 86.3 MPH)
Batting: RHB Moises Alou 0-0: Called Strike
0-1: Ball
1-1: Called Strike
1-2: Ball
Chad Curtis steals 2nd base (no throw)
2-2: Ball
3-2: Fly out, F8 (Flyball, 8LM, EV 90.6 MPH)
Batting: RHB Bobby M Estalella 0-0: Ball
1-0: Ball
2-0: Foul Ball, location: 2F
2-1: Swinging Strike
2-2: Ground out 2-3 (Groundball, 13S, EV 68.8 MPH)
Bottom of the 7th over - 0 runs, 1 hit, 0 errors, 1 left on base; New York 2 - Arizona 4
TOP OF THE 8TH
New York Mets batting - Pitching for Arizona Diamondbacks : RHP Marvin Freeman
Now at 2B: Jose Vizcaino
Batting: LHB Cliff Floyd 0-0: Ball
1-0: Ball
2-0: Ball
3-0: Called Strike
3-1: Foul Ball, location: 2F
3-2: SINGLE (Line Drive, 89S, EV 102.5 MPH)
Batting: LHB Tony Tarasco 0-0: Ball
1-0: Foul Ball, location: 2F
1-1: Foul Ball, location: 2F
1-2: Ball
2-2: Ball
3-2: Foul Ball, location: 2F
3-2: Fly out, F4 (Popup, 4D, EV 69.4 MPH)
Batting: RHB Gary Sheffield 0-0: Ball
1-0: Ball
2-0: SINGLE (Line Drive, 3D, EV 95.0 MPH)
Cliff Floyd to second
Runner from 2nd tries for 3rd, SAFE, throw by RF made to third
Batting: RHB Sammy Sosa 0-0: Ball
Gary Sheffield steals 2nd base
1-0: Called Strike
1-1: SINGLE (Groundball, 34D, EV 99.4 MPH)
Cliff Floyd scores
Gary Sheffield to third
Runner from 3rd tries for Home, SAFE, no throw by RF
Batting: RHB Phil Nevin 0-0: Ball
1-0: Foul Ball, location: 2F
1-1: Ball
2-1: Ball
3-1: Called Strike
3-2: Foul Ball, location: 2F
3-2: Strikes out swinging
Sammy Sosa steals 2nd base
Batter strikes out.
Batting: RHB Greg Colbrunn 0-0: Foul Ball, location: 2F
0-1: Swinging Strike
0-2: Strikes out swinging
Top of the 8th over - 2 runs, 3 hits, 0 errors, 1 left on base; New York 4 - Arizona 4
BOTTOM OF THE 8TH
Arizona Diamondbacks batting - Pitching for New York Mets : LHP Mike Sirotka
Batting: LHB Scott Stahoviak 0-0: Called Strike
0-1: Swinging Strike
0-2: Strikes out swinging
Batting: RHB Lance Blankenship 0-0: Swinging Strike
0-1: Ball
1-1: Ball
2-1: Foul Ball, location: 2F
2-2: Ball
3-2: Ground out 4-3 (Groundball, 4M, EV 90.6 MPH)
Batting: LHB Robin Ventura 0-0: Ball
1-0: Swinging Strike
1-1: Foul Ball, location: 2F
1-2: Ball
2-2: Foul Ball, location: 2F
2-2: Ball
3-2: Base on Balls
Batting: RHB Butch Huskey 0-0: Fly out, F8 (Flyball, 8RM, EV 96.3 MPH)
Bottom of the 8th over - 0 runs, 0 hits, 0 errors, 1 left on base; New York 4 - Arizona 4
TOP OF THE 9TH
New York Mets batting - Pitching for Arizona Diamondbacks : RHP Marvin Freeman
Batting: RHB Olmedo Saenz 0-0: Called Strike
0-1: Ball
1-1: Called Strike
1-2: Strikes out swinging
Batting: RHB Bret Boone 0-0: Called Strike
0-1: Called Strike
0-2: Strikes out looking
Batting: LHB B.J. Surhoff 0-0: Ball
1-0: Swinging Strike
1-1: Ball
2-1: Fly out, F8 (Flyball, 8RD, EV 95.0 MPH)
Top of the 9th over - 0 runs, 0 hits, 0 errors, 0 left on base; New York 4 - Arizona 4
BOTTOM OF THE 9TH
Arizona Diamondbacks batting - Pitching for New York Mets : LHP Mike Sirotka
Batting: RHB Mike Bordick 0-0: Ball
1-0: DOUBLE (Line Drive, 9LS, EV 96.9 MPH)
Pitching: RHP Todd Jones
Batting: SHB Jose Vizcaino 0-0: Bunt missed!
0-1: Ball
1-1: Bunt missed!
1-2: Fly out, F8 (Flyball, 78M, EV 88.1 MPH)
Pinch Hitting: LHB Mike Greenwell 0-0: Ground out 1-3 (Groundball, 34S, EV 73.8 MPH)
Mike Bordick to third
Batting: RHB Moises Alou 0-0: Ball
1-0: Foul Ball, location: 2F
1-1: Ball
2-1: Foul Ball, location: 2F
2-2: Foul Ball, location: 2F
2-2: 2-RUN HOME RUN (Flyball, 9D, EV 99.4 MPH), Distance : 360 ft
Wednesday, January 28th, 2026 - OOTP Baseball 20.8 Build 74